 Dungeon Crawl Stone Soup version 0.27.1 (webtiles) character file.

Game seed: 17856852835449128825

12311 MacCMillion the Geomancer (level 11, -2/72 HPs)
             Began as a Gargoyle Earth Elementalist on Aug 31, 2021.
             Was an Initiate of Vehumet.
             Slain by a komodo dragon (9 damage)
             ... on level 10 of the Dungeon.
             The game lasted 01:01:13 (18364 turns).

MacCMillion the Geomancer (GrEE)                   Turns: 18364, Time: 01:01:13

Health: -2/72      AC: 15    Str: 12    XL:     11   Next: 91%
Magic:  21/27      EV: 13    Int: 19    God:    Vehumet [......]
Gold:   731        SH:  0    Dex: 15    Spells: 16/20 levels left

rFire    . . .     SeeInvis .   y - +2 hand axe of the Big Bang {speed, rN+ Dex+5}
rCold    . . .     Faith    .   (no shield)
rNeg     + + .     Spirit   .   G - +0 troll leather armour
rPois    ∞         Reflect  .   A - +0 helmet
rElec    +         Harm     .   l - +0 cloak
rCorr    .         Rampage  .   (no gloves)
Will     .....                  C - +0 pair of boots
Stlth    ++........             (no amulet)
HPRegen  1.22/turn              j - ring of wizardry
MPRegen  0.20/turn              r - ring of magical power

@: about to teleport
A: sickness immunity, AC +8, negative energy resistance 1, electricity
resistance, torment resistance 1, petrification resistance
a: Renounce Religion


You were on level 10 of the Dungeon.
You worshipped Vehumet.
Vehumet was noncommittal.
You visited 3 branches of the dungeon, and saw 13 of its levels.
You also visited: Ossuary.

You collected 731 gold pieces.

Inventory:

Hand Weapons
 d - a +0 club
 n - a +0 dagger
 y - the +2 hand axe of the Big Bang (weapon) {speed, rN+ Dex+5}
   (You found it on level 5 of the Dungeon)

   Attacks with this weapon are significantly faster.
   Dex:       It affects your dexterity (+5).
   rN:        It protects you from negative energy.
Missiles
 u - 145 stones
Armour
 b - a +0 robe
 l - a +0 cloak (worn)
 A - a +0 helmet (worn)
 C - a +0 pair of boots (worn)
 G - a +0 troll leather armour (worn)
Jewellery
 j - a ring of wizardry (left hand)
 r - a ring of magical power (right hand)
 B - a ring of ice
 F - an amulet of faith
 K - an amulet of reflection
 O - a ring of resist corrosion
 R - a ring of ice
Wands
 f - a wand of mindburst (23)
 x - a wand of iceblast (14)
 z - a wand of polymorph (11)
 D - a wand of charming (5)
 L - a wand of acid (9)
Scrolls
 a - a scroll of teleportation
 h - 2 scrolls of torment {unknown}
 k - a scroll of amnesia
 o - 2 scrolls of immolation
 p - a scroll of fear
 q - 2 scrolls of magic mapping
 s - 2 scrolls of enchant weapon
 v - a scroll of summoning {unknown}
 M - a scroll of fog
 P - a scroll of blinking {unknown}
 Q - 2 scrolls of identify
Potions
 c - 3 potions of haste
 e - 3 potions of might
 g - 2 potions of magic
 i - 2 potions of attraction
 m - 2 potions of degeneration
 t - 2 potions of curing
 w - 2 potions of berserk rage
 E - a potion of ambrosia {unknown}
 H - 2 potions of resistance {unknown}
 I - a potion of lignification
 J - a potion of invisibility {unknown}
 N - a potion of mutation {unknown}


   Skills:
 - Level 10.0 Fighting
 - Level 3.0 Axes
 - Level 5.0 Dodging
 - Level 4.0 Stealth
 - Level 5.0 Spellcasting
 - Level 5.0 Conjurations
 - Level 1.0 Transmutations
 + Level 14.9 Earth Magic
 - Level 0.2 Evocations


You had 16 spell levels left.
You knew the following spells:

 Your Spells              Type           Power      Damage    Failure   Level
a - Sandblast             Erth           100%       2d20      1%          1
b - Stone Arrow           Conj/Erth      84%        3d12      1%          3

Your spell library contained the following spells:

 Spells                   Type           Power      Damage    Failure   Level
 Passwall                 Tmut/Erth      29%        N/A       1%          2
 Foxfire                  Conj/Fire      56%        2x1d6     2%          1
 Petrify                  Tmut/Erth      35%        N/A       2%          4
 Summon Small Mammal      Summ           16%        N/A       6%          1
 Conjure Flame            Conj/Fire      14%        6-21      7%          3
 Call Canine Familiar     Summ           4%         N/A       19%         3
 Inner Flame              Hex/Fire       4%         N/A       19%         3
 Summon Guardian Golem    Hex/Summ       4%         N/A       19%         3
 Tukima's Dance           Hex            4%         N/A       19%         3
 Passage of Golubria      Tloc           N/A        N/A       50%         4
 Summon Ice Beast         Ice/Summ       4%         N/A       50%         4
 Yara's Violent Unravell  Hex/Tmut       3%         3d4       77%         5
 Summon Mana Viper        Hex/Summ       4%         N/A       83%         5
 Monstrous Menagerie      Summ           2%         N/A       100%        7


Dungeon Overview and Level Annotations

Branches:
Dungeon (11/15)            Temple (1/1) D:7            Lair (1/6) D:10
Ossuary (visited)
    Orc: D:9-12

Altars:
Ashenzari
Cheibriados
Dithmenos
Elyvilon
Fedhas
Gozag
Hepliaklqana
Kikubaaqudgha
Makhleb
Nemelex Xobeh
Okawaru
Qazlal
Ru
Sif Muna
Trog
Uskayaw
Vehumet
Wu Jian
Xom
Yredelemnul
Zin
The Shining One

Shops:
D:4 *

Portals:
Ice
Cave: D:11

Annotations:
D:6 1 runed translucent door, Crazy Yiuf


Innate Abilities, Weirdness & Mutations

You are immune to sickness and miasma.
Your stone body is resilient. (AC +8)
You are immune to poison.
You resist negative energy. (rN+)
You are resistant to electric shocks. (rElec)
You are resistant to unholy torment.
You are immune to petrification.


Message History

There is an open door, spattered with blood here.
Things that are here:
a +0 plate armour; a +0 hand axe; a yak corpse
There is a staircase to the Lair here.
You climb downwards.
Welcome back to the Lair of Beasts!
The cane toad closely misses you. The yak gores you.
The komodo dragon misses you. The cane toad closely misses you.
There is a staircase back to the Dungeon here.
The yak gores you but does no damage. The cane toad closely misses you.
The komodo dragon bites you.
You climb upwards.
Welcome back to the Dungeon!
There is a staircase to the Lair here.
Aiming: Stone Arrow (safe; 1% risk of failure)
Press: ? - help, Q - select action, (/) - cycle Shift-Dir - straight line, f - cane toad
Aim: a cane toad (79% to hit)
The stone arrow misses the cane toad.
The yak barely misses you.
The cane toad stings you but does no damage.
The komodo dragon bites you.
Aiming: Stone Arrow (safe; 1% risk of failure)
Press: ? - help, Q - select action, (/) - cycle Shift-Dir - straight line, f/p - cane toad
Aim: a cane toad (79% to hit)
The stone arrow hits the cane toad.
The cane toad is lightly wounded.
The yak gores you but does no damage. The cane toad stings you!
The komodo dragon bites you!!
As you read the scroll of teleportation, it crumbles to dust.
You feel strangely unstable. The cane toad stings you. The yak gores you!
* * * LOW HITPOINT WARNING * * *
The komodo dragon misses you. The cane toad stings you!
* * * LOW HITPOINT WARNING * * *
Okay, then.
Okay, then.
Okay, then.
As you read the scroll of fear, it crumbles to dust.
You assume a fearsome visage.
The komodo dragon resists with some effort.
The yak looks frightened!
The cane toad looks frightened!
The komodo dragon bites you!
You die...

.............##...#.#####
.###..####.#...)........##
####.## #.#.....P.[P....##
###..# #................#
....## ##..P.P..........#
..########..P..^..[.......#
####.......P.P.####(......#
...............#lFY.......#
...#######.....#@(#......##
.### #.P...####.......# ##
#P...............#
##...............#
#..P...P.P......#
##..P.P.P.......#
###...........##
###........## ##########


You could see a komodo dragon, a yak (fleeing) and a cane toad (fleeing).

Vanquished Creatures
  Fannar (D:10)
  Erolcha (D:10)
  Erica (D:10)
  A two-headed ogre (D:10)
  Maurice (D:9)
  A black mamba (Lair:1)
  3 trolls
  A hornet (D:8)
  19 yaks
  A wyvern (D:8)
  Eustachio (D:6)
  A steam dragon (D:9)
  2 acid dragons (D:10)
  2 water moccasins
  3 orc warriors
  An ice beast (D:8)
  3 black bears
  2 necrophages (D:6)
  2 ogres
  7 wolves
  4 centaurs
  2 kobold brigands
  A phantom (D:4)
  5 bullfrogs
  2 elf zombies (Ossuary)
  3 scorpions
  2 wyvern zombies
  3 killer bees (D:9)
  4 wights (D:9)
  An electric eel (D:8)
  A howler monkey (D:10)
  4 crimson imps (D:7)
  A bullfrog zombie (D:5)
  3 hounds
  A human zombie (Ossuary)
  A jelly (D:6)
  3 centaur zombies
  3 orc priests
  2 bullfrog skeletons
  A centaur skeleton (D:5)
  A gnoll shaman (D:9)
  An iguana (D:6)
  6 orc wizards
  2 hound zombies (Ossuary)
  4 mummies (Ossuary)
  2 howler monkey zombies
  6 adders
  8 white imps
  2 ufetubi
  An adder skeleton (D:4)
  2 worms
  4 dart slugs
  The ghost of Descartes the Sneak, a weakling FeDe (D:5)
  25 orcs
  10 ball pythons
  11 endoplasms
  2 giant cockroaches
  15 goblins
  2 hobgoblins
  6 jackals
  7 quokkas
  8 bats
  3 frilled lizards (D:1)
  A goblin zombie (Ossuary)
  2 hobgoblin zombies (Ossuary)
  2 jackal zombies (Ossuary)
  12 kobolds
  2 kobold zombies (Ossuary)
  5 rats
254 creatures vanquished.

Vanquished Creatures (others)
  15 fungi
  14 plants
29 creatures vanquished.

Grand Total: 283 creatures vanquished

Notes
Turn   | Place    | Note
-------+----------+-------------------------------------------
     0 | D:1      | MacCMillion the Gargoyle Earth Elementalist began the quest
                  | for the Orb.
     0 | D:1      | Reached XP level 1. HP: 10/10 MP: 3/3
   183 | D:1      | Reached skill level 4 in Earth Magic
   214 | D:1      | Reached XP level 2. HP: 3/15 MP: 5/5
  1053 | D:1      | Reached skill level 1 in Transmutations
  1220 | D:1      | Reached XP level 3. HP: 19/19 MP: 6/6
  1740 | D:1      | Reached skill level 5 in Earth Magic
  2343 | D:2      | Learned a level 3 spell: Stone Arrow
  2574 | D:2      | Reached XP level 4. HP: 13/24 MP: 7/7
  2976 | D:2      | Found a bloodstained altar of Trog.
  3213 | D:3      | Reached skill level 1 in Conjurations
  4116 | D:3      | Reached XP level 5. HP: 11/28 MP: 5/8
  4333 | D:3      | Reached skill level 6 in Earth Magic
  4567 | D:3      | Found a basalt altar of Yredelemnul.
  4609 | D:3      | Found a faded altar of an unknown god.
  4613 | D:3      | Found a hazy altar of Hepliaklqana.
  5107 | D:4      | Found a sand-covered staircase.
  5113 | Ossuary  | Entered an ossuary
  5235 | Ossuary  | Reached XP level 6. HP: 15/32 MP: 2/9
  5248 | Ossuary  | Reached skill level 5 in Conjurations
  6098 | D:4      | Reached XP level 7. HP: 34/36 MP: 0/10
  6190 | D:4      | Reached skill level 7 in Earth Magic
  6472 | D:4      | Found a sparkling altar of Nemelex Xobeh.
  7026 | D:4      | Found Heakhy Suci's Elemental Accessories.
  7485 | D:5      | Entered Level 5 of the Dungeon
  7711 | D:5      | Found a large runed translucent door.
  7711 | D:5      | Found a large runed translucent door.
  7717 | D:5      | Reached skill level 8 in Earth Magic
  8057 | D:5      | Reached XP level 8. HP: 41/41 MP: 6/14
  8506 | D:5      | Found a sacrificial altar of Ru.
  8767 | D:5      | Noticed Descartes's ghost (weakling FeDe)
  8836 | D:5      | Identified the +2 hand axe of the Big Bang {speed, rN+
                  | Dex+5}
  9015 | D:5      | Killed Descartes's ghost
  9905 | D:6      | Noticed Eustachio
  9916 | D:6      | Reached skill level 9 in Earth Magic
  9921 | D:6      | Killed Eustachio
  9922 | D:6      | Reached skill level 5 in Spellcasting
 10284 | D:6      | Found a white marble altar of Elyvilon.
 10505 | D:6      | Found a runed translucent door.
 10506 | D:6      | Noticed Crazy Yiuf
 10645 | D:7      | Reached skill level 10 in Earth Magic
 10934 | D:7      | Found a blossoming altar of Fedhas.
 11012 | D:7      | Reached XP level 9. HP: 45/45 MP: 9/16
 11030 | D:6      | Reached skill level 11 in Earth Magic
 11456 | D:7      | Found a staircase to the Ecumenical Temple.
 11466 | Temple   | Entered the Ecumenical Temple
 11757 | D:7      | Reached skill level 12 in Earth Magic
 12043 | D:7      | Reached skill level 1 in Axes
 12385 | D:8      | Noticed a troll
 12391 | D:8      | Killed a troll
 12695 | D:8      | Reached skill level 13 in Earth Magic
 12803 | D:8      | Reached XP level 10. HP: 50/50 MP: 5/17
 13083 | D:8      | Reached skill level 14 in Earth Magic
 13201 | D:8      | Found a burning altar of Makhleb.
 13248 | D:8      | Found a stormy altar of Qazlal.
 13253 | D:8      | Reached skill level 1 in Fighting
 13745 | D:10     | Entered Level 10 of the Dungeon
 14099 | D:10     | Reached skill level 5 in Fighting
 14301 | D:10     | Found a staircase to the Lair.
 14674 | D:10     | Noticed Erica
 14675 | D:10     | Noticed Fannar
 14854 | D:9      | Noticed Maurice
 14961 | D:10     | Killed Erica
 15050 | D:9      | Killed Maurice
 15108 | D:9      | Noticed a +0 hand axe
 15111 | D:9      | Noticed a +0 hand axe
 15125 | D:9      | Reached XP level 11. HP: 58/68 MP: 3/18
 15782 | D:9      | Found a radiant altar of Vehumet.
 15895 | D:9      | Found a hide-covered altar of Uskayaw.
 16133 | D:10     | Noticed a two-headed ogre
 16141 | D:10     | Killed a two-headed ogre
 16142 | D:10     | Reached skill level 10 in Fighting
 16793 | D:10     | Noticed Erolcha
 16838 | D:10     | Killed Fannar
 16943 | D:9      | Became a worshipper of Vehumet
 17042 | Lair:1   | Entered Level 1 of the Lair of Beasts
 17177 | D:10     | Killed Erolcha
 17414 | D:10     | Found a staircase to the Lair.
 17684 | D:11     | Reached skill level 5 in Dodging
 17884 | D:11     | Noticed a two-headed ogre
 17986 | D:11     | Found a frozen archway.
 17987 | D:11     | Noticed an ice dragon
 18099 | D:11     | Noticed a death knight
 18102 | D:11     | Noticed a two-headed ogre
 18364 | D:10     | Slain by a komodo dragon

Illustrated notes

Levels and vault maps discovered:
D:1:      minmay_arrival_semitransparent, layout_basic
D:2:      layout_rooms, basic_altar
D:3:      layout_rooms, nicolae_hepliaklqana_hazy_memory,
          nicolae_overflow_hidden_temple, shapermc_ecumenical_altar_flowoftime,
          minmay_increasing_density
D:4:      layout_loops_corners, lemuel_doored_altar, nicolae_ossuary_entry_plus,
          minmay_strange_pillars, nicolae_elemental_shop, minmay_ogre_servants
D:5:      layout_basic, nicolae_ru_sacrificial_ziggurat,
          ebering_ghost_disaster_area
D:6:      layout_loops_corners, elyvilon_altar_3, uniq_eustachio,
          uniq_crazy_yiuf_cottage
D:7:      layout_cave_pools, mainiacjoe_overflow_brackets,
          minmay_temple_entry_trees, minmay_nine_imps
D:8:      layout_basic, overflow_temple_1_default, amcnicky_altar_gilded,
          fountainhead, minmay_microvault
D:9:      layout_basic, dancing_weapons_uskayaw, nicolae_vehumet_altar_sigil,
          st_stairs_14, grunt_decor_cap, uniq_maurice
D:10:     layout_rooms, grunt_lair_entry_orc_guard_hut, uniq_erolcha,
          uniq_erica, uniq_fannar
D:11:     layout_rooms, serial_corexii_hall, corexii_hall_statues_x,
          chequers_hall_statues_y, portal_ice_cave_entry_animals_and_master
Temple:   minmay_temple_bridge_abc
Lair:1:   layout_misc_corridors, infiniplex_staircase_pool

Skill      XL: |  1  2  3  4  5  6  7  8  9 10 11 |
---------------+----------------------------------+-----
Earth Magic    | 4 5 6 8 10 13 14 | 14.9
Transmutations | 1 |  1.0
Conjurations   | 2 4 5 |  5.0
Spellcasting   | 4 5 |  5.0
Axes           | 3 |  3.0
Fighting       | 8 10 | 10.0
Stealth        | 4 |  4.0
Dodging        | 5 |  5.0
Evocations     | |  0.2

Action                   |  1- 3 |  4- 6 |  7- 9 | 10-12 || total
-------------------------+-------+-------+-------+-------++-------
Melee: Club              |   141 |    89 |       |       ||   230
       Unarmed           |     6 |       |       |       ||     6
       Dagger            |       |   243 |    62 |       ||   305
       Hand axe          |       |       |   123 |   120 ||   243
 Cast: Sandblast         |    18 |    19 |     8 |     2 ||    47
       Stone Arrow       |       |    14 |   109 |   167 ||   290
Evoke: Wand              |       |       |       |     1 ||     1
  Use: Scroll            |       |     7 |     6 |     8 ||    21
       Potion            |       |     2 |       |     1 ||     3
 Stab: Sleeping          |       |     3 |     1 |       ||     4
       Distracted        |       |       |       |     1 ||     1
Armor: Robe              |    71 |   151 |   113 |       ||   335
       Troll leather arm |       |       |     2 |   133 ||   135
Dodge: Dodged            |   168 |   276 |   120 |   166 ||   730
